 Dungeon Crawl Stone Soup version 0.20.1-1-g8b1a95d (webtiles) character file.

48801 Monsterracer the Earth Mage (level 14, -4/87 HPs)
             Began as a Gargoyle Earth Elementalist on July 17, 2017.
             Was a Priest of Vehumet.
             Slain by spiff's ghost (24 damage)
             ... on level 11 of the Dungeon.
             The game lasted 01:34:31 (21084 turns).

Monsterracer the Earth Mage (GrEE)                 Turns: 21084, Time: 01:34:32

Health: -4/87      AC: 24    Str: 17    XL:     14   Next: 48%
Magic:  13/43      EV: 13    Int: 21    God:    Vehumet [***...]
Gold:   885        SH:  0    Dex: 10    Spells: 6/34 levels left

rFire    . . .     SeeInvis .   a - staff of power
rCold    + . .     Gourm    +   (no shield)
rNeg     + . .     Faith    .   e - +0 troll leather armour
rPois    ∞         Spirit   .   u - +0 hat {MR+}
rElec    +         Reflect  .   F - +2 cloak
rCorr    .         Harm     .   K - +2 pair of gloves {Str+3}
MR       +++..                  x - +2 pair of boots {run}
Stlth    ++........             G - amulet of the gourmand
Regen    0.7/turn               t - ring of protection from magic
MPRegen  0.3/turn               H - ring of protection from cold

@: flying, quick
A: big wings, clever 1, negative energy resistance 1, electricity resistance,
unbreathing, petrification resistance, rot immunity, AC +9
a: Stop Flying, Renounce Religion


You were on level 11 of the Dungeon.
You worshipped Vehumet.
Vehumet was most pleased with you.
You were hungry.

You visited 3 branches of the dungeon, and saw 18 of its levels.
You also visited: Ice Cave.

You collected 1199 gold pieces.
You spent 314 gold pieces at shops.

Inventory:

Missiles
 y - a throwing net
 z - 481 stones (quivered)
Armour
 e - a +0 troll leather armour (worn)
 u - a +0 hat of magic resistance (worn)
 x - a +2 pair of boots of running (worn)
 F - a +2 cloak (worn)
 K - a +2 pair of gloves of strength (worn)
Magical Staves
 a - an uncursed staff of power (weapon)
Jewellery
 t - a ring of protection from magic (left hand)
 v - a +5 amulet of reflection
 G - an amulet of the gourmand (around neck)
 H - a ring of protection from cold (right hand)
 Q - the ring "Pokec" {Fire Dex+4}
   (You found it on level 5 of the Lair of Beasts)

   [ring of fire]

   It enhances your fire magic.
   It affects your dexterity (+4).
   It protects you from fire.
   It makes you vulnerable to cold.
Wands
 I - a wand of digging (9/24)
Scrolls
 i - 4 scrolls of remove curse
 k - 5 scrolls of fog
 l - 2 scrolls of amnesia
 p - 6 scrolls of enchant weapon
 r - 4 scrolls of enchant armour
 w - 7 scrolls of teleportation
 C - 3 scrolls of recharging
 J - a scroll of blinking
 N - a scroll of fear
 O - 2 scrolls of magic mapping
Potions
 b - a potion of cancellation
 c - 2 potions of berserk rage
 g - 10 potions of curing
 h - 2 potions of haste
 m - 3 potions of brilliance
 n - 3 potions of flight
 s - 2 potions of lignification
 A - 3 potions of resistance
 B - a potion of ambrosia
 D - 2 potions of heal wounds
 E - 2 potions of mutation
 M - 6 potions of might
 P - 2 potions of agility
Comestibles
 d - 10 bread rations
 f - 7 royal jellies
 j - 4 fruits
 o - 8 meat rations


   Skills:
 - Level 9.6 Fighting
 + Level 9.5 Staves
 - Level 5.0 Armour
 + Level 5.2 Dodging
 - Level 2.1 Stealth
 * Level 10.6 Spellcasting
 - Level 5.6 Conjurations
 - Level 1.1 Translocations
 - Level 0.7 Transmutations
 * Level 0.6 Fire Magic
 * Level 17.7 Earth Magic


You had 6 spell levels left.
You knew the following spells:

 Your Spells              Type           Power        Failure   Level  Hunger
a - Sandblast             Erth           ######       0%          1    None
b - Passwall              Tmut/Erth      ######....   1%          2    None
c - Stone Arrow           Conj/Erth      ######       1%          3    None
d - Lee's Rapid Deconstr  Erth           ######....   1%          5    ####...
e - Blink                 Tloc           N/A          7%          2    None
f - Conjure Flame         Conj/Fire      ###.....     1%          3    None
g - Petrify               Tmut/Erth      ######..     1%          4    ##.....
h - Summon Butterflies    Summ           ##......     7%          1    None
i - Apportation           Tloc           ###...       4%          1    None
j - Bolt of Fire          Conj/Fire      ###.......   58%         6    ######.


Dungeon Overview and Level Annotations

Branches:
Dungeon (11/15)            Temple (1/1) D:5            Lair (6/6) D:9
  Swamp (0/4) Lair:3        Snake (0/4) Lair:3        Slime (0/5) Lair:6
    Orc: D:9-12

Altars:
Ashenzari
Cheibriados
Dithmenos
Elyvilon
Fedhas
Gozag
Hepliaklqana
Kikubaaqudgha
Makhleb
Nemelex Xobeh
Okawaru
Qazlal
Ru
Sif Muna
Trog
Uskayaw
Vehumet
Xom
Yredelemnul
Zin
The Shining One
Jiyva

Shops:
D:4 *   D:5 %[?   D:7 !   D:9 (   D:10 =

Annotations:
D:11 spiff's ghost, journeyman TrHu


Innate Abilities, Weirdness & Mutations

You are resistant to torment.
Your stone body is resilient. (AC +9)
You are immune to poison.
Your large and strong wings let you fly indefinitely.
You resist negative energy. (rN+)
You are resistant to electric shocks. (rElec)
You can survive without breathing.
You are immune to petrification.
You are immune to rotting.
Your mind is acute. (Int +2)


Message History

* * * LOW HITPOINT WARNING * * *
Huge Dmg: -22%(-19hp) hp: 46%(40hp)
Casting: Stone Arrow
Confirm with . or Enter, or press ? or * to list all spells.
Aiming: Stone Arrow
Press: ? - help, Shift-Dir - straight line The stone arrow hits spiff's ghost.
Spiff's ghost is almost destroyed.
Spiff's ghost hits you!!
* * * LOW HITPOINT WARNING * * *
Huge Dmg: -23%(-20hp) hp: 23%(20hp)
Casting: Stone Arrow
Confirm with . or Enter, or press ? or * to list all spells.
Aiming: Stone Arrow
Press: ? - help, Shift-Dir - straight line, f - ogre
Aim: an ogre, wielding a giant spiked club The stone arrow hits spiff's ghost.
Spiff's ghost is almost destroyed.
Spiff's ghost hits you!!
You die...

######### . #.......#
### ....#######.......#
#..
.?..O.W@.##.......####..
...(.###..'.......##.'..
... ####.....).#..#.. .
#....††)'.##..
#.......###### ######'##
#......# ##+########
#..<......###


You could see an ogre and spiff's ghost.

Vanquished Creatures
  Kirke (Lair:5)
  4 hydras
  The ghost of Rhok the Cleaver, a novice MiFi of Makhleb (Lair:1)
  5 catoblepae
  2 two-headed ogres
  The ghost of tirato the Ogre Mage, a novice OgFE of Vehumet (Lair:1)
  9 death yaks
  2 unseen horrors
  A cyclops (D:11)
  2 ugly things (IceCv)
  2 manticores (Lair:6)
  A centaur zombie (D:10)
  4 black mambas
  9 elephants
  2 ice statues (IceCv)
  A torpor snail (Lair:4)
  Joseph (D:7)
  7 komodo dragons
  4 spiny frogs
  2 ice devils (Lair:5)
  2 trolls
  A polar bear (Lair:5)
  Grinder (D:6)
  13 blink frogs
  11 hippogriffs
  A wraith (D:10)
  23 yaks
  5 hogs (Lair:5)
  3 basilisks
  Menkaure (D:6)
  4 nagas (Lair:3)
  13 water moccasins
  7 porcupines
  7 ice beasts
  4 sky beasts
  6 orc warriors
  3 phantoms
  5 ogres
  28 wolves
  9 crocodiles
  2 big kobolds
  12 bullfrogs
  3 scorpions
  5 killer bees (D:9)
  6 wights
  2 electric eels (D:9)
  6 crimson imps
  A howler monkey (D:5)
  A quasit (D:8)
  A bullfrog zombie (D:10)
  3 centaur skeletons
  4 hounds
  5 orc priests
  3 jellies
  11 orc wizards
  Crazy Yiuf (D:7)
  A bullfrog skeleton (D:4)
  5 iguanas
  4 worker ants
  A killer bee zombie (D:6)
  A hound zombie (D:6)
  2 hound skeletons
  A howler monkey zombie (D:8)
  2 worker ant zombies
  7 gnolls
  8 adders
  2 oozes
  An adder skeleton (D:7)
  3 adder zombies
  2 worms
  3 dart slugs
  3 leopard geckos
  41 orcs
  4 bats
  6 giant cockroaches
  10 goblins
  6 hobgoblins
  5 jackals
  7 quokkas
  2 ball pythons
  6 frilled lizards
  A jackal zombie (D:6)
  16 kobolds
  A leopard gecko skeleton (D:4)
  A quokka zombie (D:6)
  4 rats
  4 fungi
434 creatures vanquished.

Vanquished Creatures (others)
  2 humans (Lair:5)
  16 fungi
  10 plants
28 creatures vanquished.

Grand Total: 462 creatures vanquished

Notes
Turn   | Place    | Note
-------+----------+-------------------------------------------
     0 | D:1      | Monsterracer the Gargoyle Earth Elementalist began the quest for the Orb.
     0 | D:1      | Reached XP level 1. HP: 10/10 MP: 3/3
   322 | D:1      | Reached skill level 4 in Earth Magic
   364 | D:1      | Reached XP level 2. HP: 10/15 MP: 1/5
   368 | D:1      | Learned a level 2 spell: Passwall
  1022 | D:1      | Reached XP level 3. HP: 15/19 MP: 6/6
  1027 | D:1      | Learned a level 3 spell: Stone Arrow
  1699 | D:2      | Reached skill level 1 in Conjurations
  2029 | D:2      | Reached XP level 4. HP: 14/24 MP: 6/8
  2111 | D:2      | Reached skill level 5 in Earth Magic
  2584 | D:3      | Found an opulent altar of Gozag.
  2598 | D:3      | Reached XP level 5. HP: 27/28 MP: 5/9
  3065 | D:4      | Noticed a hippogriff
  3184 | D:4      | Killed a hippogriff
  3184 | D:4      | Reached skill level 6 in Earth Magic
  3184 | D:4      | Reached XP level 6. HP: 14/32 MP: 3/11
  3191 | D:4      | Learned a level 5 spell: Lee's Rapid Deconstruction
  3563 | D:4      | Reached skill level 7 in Earth Magic
  3595 | D:4      | Found a white marble altar of Elyvilon.
  3660 | D:4      | Found Iraap's General Store.
  3990 | D:4      | Noticed a phantom
  3998 | D:4      | Killed a phantom
  3998 | D:4      | Reached XP level 7. HP: 36/36 MP: 4/12
  4076 | D:4      | Found a stormy altar of Qazlal.
  4179 | D:5      | Entered Level 5 of the Dungeon
  4179 | D:5      | Found a staircase to the Ecumenical Temple.
  4218 | D:5      | Gained mutation: Your mind is acute. (Int +2) [mutagenic meat]
  4255 | Temple   | Entered the Ecumenical Temple
  4629 | D:5      | Found Neagyis's Antique Armour Shoppe.
  4646 | D:5      | Reached skill level 8 in Earth Magic
  4806 | D:5      | Bought a pair of runed boots for 157 gold pieces
  4811 | D:5      | Identified a +2 pair of boots of running (You bought it in a shop on level 5 of the Dungeon)
  4820 | D:5      | Found Uqelim's Antique Weapon Emporium.
  5002 | D:5      | Found a hide-covered altar of Uskayaw.
  5036 | D:5      | Found Kicsusimp's Food Shoppe.
  5167 | D:5      | Found a snail-covered altar of Cheibriados.
  5184 | D:5      | Found Wocuthru's Magic Scroll Shoppe.
  5370 | D:6      | Found a deep blue altar of Sif Muna.
  5379 | D:6      | Reached skill level 1 in Fighting
  5395 | D:5      | Reached XP level 8. HP: 33/43 MP: 9/14
  5624 | D:6      | Noticed Menkaure
  5629 | D:6      | Killed Menkaure
  5749 | D:6      | Reached skill level 9 in Earth Magic
  5810 | D:6      | Found an iron altar of Okawaru.
  5849 | D:6      | Reached skill level 5 in Conjurations
  6005 | D:6      | Found a blossoming altar of Fedhas.
  6007 | D:6      | Found a transporter.
  6044 | D:6      | Found a transporter.
  6122 | D:6      | Learned a level 2 spell: Blink
  6126 | D:6      | Learned a level 3 spell: Conjure Flame
  6172 | D:6      | HP: 1/48 [something (7)]
  6204 | D:6      | Killed an unseen horror
  6204 | D:6      | Reached skill level 5 in Fighting
  6204 | D:6      | Reached skill level 5 in Spellcasting
  6204 | D:6      | Reached skill level 10 in Earth Magic
  6204 | D:6      | Reached XP level 9. HP: 8/54 MP: 0/16
  6619 | D:6      | Reached skill level 1 in Armour
  6672 | D:6      | Noticed Grinder
  6678 | D:6      | Killed Grinder
  6678 | D:6      | Reached skill level 1 in Staves
  6920 | D:7      | Noticed Joseph
  6950 | D:7      | Killed Joseph
  7272 | D:7      | Got an ichor-stained war axe
  7273 | D:7      | Identified the +7 war axe "Petzihepp" {holy, *Slow rElec rPois Int+2} (You found it on level 7 of the Dungeon)
  7380 | D:7      | Found a glowing golden altar of the Shining One.
  7481 | D:7      | Reached skill level 11 in Earth Magic
  7601 | D:7      | Reached skill level 1 in Translocations
  7735 | D:5      | Bought a runed cloak for 157 gold pieces
  7826 | D:7      | Found Fuuqeon's Distillery.
  8040 | D:7      | Found a runed door.
  8044 | D:7      | Noticed Crazy Yiuf
  8046 | D:7      | Killed Crazy Yiuf
  8186 | D:8      | Reached XP level 10. HP: 59/59 MP: 18/18
  8313 | D:8      | Found a glowing silver altar of Zin.
  8406 | D:8      | Identified a scroll of acquirement
  8474 | D:8      | Found a burning altar of Makhleb.
  8668 | D:8      | Found a radiant altar of Vehumet.
  8730 | D:8      | Became a worshipper of Vehumet
  9011 | D:8      | Found a sparkling altar of Nemelex Xobeh.
  9038 | D:8      | Noticed a two-headed ogre
  9043 | D:8      | Killed a two-headed ogre
  9424 | D:8      | Reached * piety under Vehumet
  9424 | D:8      | Offered knowledge of Shock by Vehumet.
  9512 | D:8      | Learned a level 4 spell: Petrify
  9577 | D:8      | Reached skill level 12 in Earth Magic
 10033 | D:9      | Found a staircase to the Lair.
 10062 | D:9      | Found a shadowy altar of Dithmenos.
 10183 | D:9      | Found Hozets's Antique Weapon Shop.
 10599 | D:10     | Entered Level 10 of the Dungeon
 10608 | D:10     | Reached XP level 11. HP: 64/64 MP: 21/21
 10627 | D:10     | Offered knowledge of Throw Frost by Vehumet.
 10657 | D:10     | Reached ** piety under Vehumet
 10829 | D:10     | Found Uxucw's Jewellery Boutique.
 10921 | D:10     | Killed an unseen horror
 10921 | D:10     | Reached skill level 13 in Earth Magic
 11091 | D:10     | Noticed a two-headed ogre
 11113 | D:10     | Killed a two-headed ogre
 11113 | D:10     | Reached skill level 5 in Staves
 11635 | Lair:1   | Entered Level 1 of the Lair of Beasts
 11757 | Lair:1   | Offered knowledge of Ignite Poison by Vehumet.
 12017 | Lair:1   | Noticed tirato's ghost (novice OgFE)
 12029 | Lair:1   | Killed tirato's ghost
 12047 | Lair:1   | Noticed Rhok's ghost (novice MiFi)
 12053 | Lair:1   | Reached *** piety under Vehumet
 12053 | Lair:1   | Reached skill level 5 in Armour
 12309 | Lair:1   | Reached skill level 14 in Earth Magic
 12570 | Lair:1   | Killed Rhok's ghost
 12938 | Lair:1   | Reached XP level 12. HP: 70/70 MP: 24/24
 13439 | Lair:2   | Noticed a six-headed hydra
 13447 | Lair:2   | Killed a six-headed hydra
 13701 | Lair:2   | Offered knowledge of Airstrike by Vehumet.
 14004 | Lair:2   | Learned a level 1 spell: Summon Butterflies
 14006 | Lair:2   | Learned a level 1 spell: Apportation
 14321 | Lair:3   | Found a staircase to the Swamp.
 14506 | Lair:3   | Found a staircase to the Snake Pit.
 15291 | Lair:4   | Reached **** piety under Vehumet
 15291 | Lair:4   | Reached skill level 15 in Earth Magic
 15403 | Lair:4   | Offered knowledge of Inner Flame by Vehumet.
 15947 | Lair:4   | Noticed a death yak
 15957 | Lair:4   | Killed a death yak
 16300 | Lair:5   | Noticed a five-headed hydra
 16317 | Lair:4   | Reached XP level 13. HP: 76/76 MP: 3/26
 16606 | Lair:5   | Found a frozen archway.
 16621 | IceCv    | Entered an ice cave
 16695 | IceCv    | Found a transporter.
 16735 | IceCv    | Reached skill level 16 in Earth Magic
 17023 | Lair:5   | Noticed Kirke
 17034 | Lair:5   | Killed Kirke
 17051 | Lair:5   | Reached ***** piety under Vehumet
 17051 | Lair:5   | Offered knowledge of Conjure Ball Lightning by Vehumet.
 17688 | Lair:5   | Got a heavily runed iron ring
 17695 | Lair:5   | Identified the ring "Pokec" {Fire Dex+4} (You found it on level 5 of the Lair of Beasts)
 18368 | Lair:6   | Entered Level 6 of the Lair of Beasts
 18926 | Lair:6   | Reached skill level 10 in Spellcasting
 19029 | Lair:5   | Reached skill level 17 in Earth Magic
 19220 | Lair:6   | Gained mutation: Your large and strong wings let you fly indefinitely. [Gargoyle growth]
 19220 | Lair:6   | Reached XP level 14. HP: 86/86 MP: 26/28
 19224 | Lair:6   | Reached skill level 5 in Dodging
 19456 | Lair:6   | Offered knowledge of Bolt of Fire by Vehumet.
 19718 | Lair:6   | Found a staircase to the Slime Pits.
 19773 | Lair:6   | Found a viscous altar of Jiyva.
 20299 | Lair:6   | Learned a level 6 spell: Bolt of Fire
 21073 | D:11     | Noticed spiff's ghost (journeyman TrHu)
 21084 | D:11     | Slain by spiff's ghost

Skill      XL: |  1  2  3  4  5  6  7  8  9 10 11 12 13 14 |
---------------+-------------------------------------------+-----
Earth Magic    | 4 5 6 7 8 10 11 12 14 15 17 | 17.7
Conjurations   | 1 2 3 4 5 |  5.6
Spellcasting   | 3 4 5 7 8 9 10 | 10.6
Fighting       | 1 5 6 7 9 |  9.6
Dodging        | 2 3 4 5 |  5.2
Armour         | 2 5 |  5.0
Staves         | 2 4 6 7 9 |  9.5
Translocations | 1 |  1.1
Stealth        | |  2.1
Transmutations | |  0.7
Fire Magic     | |  0.6

Action                   |  1- 3 |  4- 6 |  7- 9 | 10-12 | 13-15 || total
-------------------------+-------+-------+-------+-------+-------++-------
Melee: Club              |    41 |       |       |       |       ||    41
       Whip              |   128 |       |       |       |       ||   128
       Rapier            |     7 |    85 |    58 |       |       ||   150
       Dagger            |       |       |    78 |       |       ||    78
       Staff             |       |       |   123 |   374 |   153 ||   650
Throw: Stone             |       |       |       |     1 |       ||     1
 Cast: Sandblast         |    13 |    10 |    25 |    26 |    18 ||    92
       Stone Arrow       |     2 |    24 |    62 |   224 |   165 ||   477
       Blink             |       |       |     3 |     2 |     2 ||     7
       Lee's Rapid Decon |       |       |     8 |    54 |    68 ||   130
       Petrify           |       |       |       |    14 |    10 ||    24
       Conjure Flame     |       |       |       |     3 |     7 ||    10
       Passwall          |       |       |       |     1 |       ||     1
       Summon Butterflie |       |       |       |       |     2 ||     2
 Abil: Fly               |       |       |       |       |     1 ||     1
  Use: Scroll            |     1 |    11 |     5 |     5 |     8 ||    30
       Potion            |       |     1 |     2 |       |     1 ||     4
 Stab: Sleeping          |     4 |     2 |       |     1 |       ||     7
       Petrified         |       |       |       |     4 |    10 ||    14
  Eat: Chunk             |     4 |     9 |    19 |    38 |    23 ||    93
       Fruit             |       |       |     1 |     1 |     6 ||     8
Armor: Robe              |    72 |    20 |   132 |    71 |       ||   295
       Skin              |       |     6 |       |       |       ||     6
       Troll leather arm |       |       |       |   209 |   110 ||   319
Dodge: Dodged            |   111 |    58 |   139 |   280 |   141 ||   729
Block: Other             |       |    16 |    55 |     3 |       ||    74
       Reflection        |       |       |     3 |       |       ||     3
